 Dungeon Sprint DCSS version 0.27-a0-1301-g128193abf8 (webtiles) character file.

Game seed: 14293276871887310996

63 mhtbhm the Cutter (level 4, 0/48 HPs)
             Began as a Kobold Berserker on June 17, 2021.
             Was a Believer of Trog.
             Succumbed to a scorpion's poison
             ... in the Dungeon (Sprint IX: "|||||||||||||||||||||||||||||").
             The game lasted 00:00:10 (64 turns).

mhtbhm the Cutter (Kobold Berserker)                  Turns: 64, Time: 00:00:10

Health: 0/48       AC:  2    Str: 15    XL:     4   Next: 31%
Magic:  4/4        EV: 15    Int:  8    God:    Trog [**....]
Gold:   0          SH:  0    Dex: 14    Spells: 3/3 levels left

rFire    . . .     SeeInvis .   a - +0 short sword
rCold    . . .     Faith    .   (shield restricted)
rNeg     . . .     Spirit   .   b - +0 animal skin
rPois    .         Reflect  .   (no helmet)
rElec    .         Harm     .   (no cloak)
rCorr    .         Rampage  .   (no gloves)
Will     .....     NoTele   +   (no boots)
Stlth    ..........             (no amulet)
HPRegen  0.16/turn              (no ring)
MPRegen  0.09/turn              (no ring)

@: berserking (expiring), lethally poisoned (0 -> -6), very quick
A: small, no large weapons, nightstalker 3
a: Renounce Religion, Berserk, Trog's Hand


You were in the Dungeon.
You worshipped Trog.
Trog was pleased with you.
You visited 1 branch

Inventory:

Hand Weapons
 a - a +0 short sword (weapon)
Armour
 b - a +0 animal skin (worn)
Scrolls
 h - a scroll of blinking
Potions
 c - a potion of curing
 d - a potion of heal wounds
 e - a potion of haste
 f - 2 potions of magic
 g - a potion of berserk rage


   Skills:
 + Level 6.0 Fighting
 + Level 7.5 Short Blades
 + Level 2.5 Armour
 + Level 4.0 Dodging


You had 3 spell levels left.
You didn't know any spells.
Your spell library was empty.

Dungeon Overview and Level Annotations

Branches:
Dungeon (1/1)

Altars:


Innate Abilities, Weirdness & Mutations

You are small and have problems with some larger weapons.
You are completely attuned to the shadows.


Message History

The scorpion is heavily wounded.
A ball python skeleton comes into view.
The scorpion stings you.
You are poisoned.
The scorpion poisons you!
You puncture the scorpion!
The scorpion is almost dead.
You feel sick.
You closely miss the scorpion.
The scorpion is almost dead.
You feel sick.
The orc wizard casts a spell.
The orc wizard flickers and vanishes!
Deactivating autopickup; reactivate with Ctrl-A.
The scorpion stings you!
Unknown command.
You puncture the scorpion!
You kill the scorpion!
Trog accepts your kill.
* * * LOW HITPOINT WARNING * * *
You feel sick.
A magic dart appears from out of thin air!
The magic dart hits you.
* * * LOW HITPOINT WARNING * * *
Your Fighting skill gained 2 levels and is now at level 6!
Your Short Blades skill gained 3 levels and is now at level 7!
Your Armour skill increases to level 2!
Your Dodging skill gained 2 levels and is now at level 4!
You have reached level 2!
You have reached level 3!
Your experience leads to an increase in your attributes!
Increase (S)trength, (I)ntelligence, or (D)exterity?
You feel stronger.
You have reached level 4!
Unknown command.
You slam the door shut with a bang, pushing everything out of the way!
* * * LOW HITPOINT WARNING * * *
You feel sick.
You feel a strong urge to attack something.
You die...

▓Z▓
▓Z▓
▓{▓
▓+▓
▓.▓
▓@▓
▓†▓
▓.▓
▓†▓
▓†▓
▓.▓
▓.▓
▓.▓
▓<▓


There were no monsters in sight!

Vanquished Creatures
  A scorpion (D)
  2 hobgoblins (D)
  A quokka (D)
  2 bats (D)
6 creatures vanquished.

Notes
Turn   | Place    | Note
-------+----------+-------------------------------------------
     0 | D        | mhtbhm the Kobold Berserker began the quest for the Orb.
     0 | D        | Reached XP level 1. HP: 14/14 MP: 1/1
    11 | D        | Reached ** piety under Trog
    57 | D        | Noticed an orc wizard
    57 | D        | Noticed a scorpion
    62 | D        | Killed a scorpion
    62 | D        | HP: 1/22 [something/magic dart (5)]
    63 | D        | Reached skill level 7 in Short Blades
    63 | D        | Reached XP level 2. HP: 2/22 MP: 2/2
    63 | D        | Reached XP level 3. HP: 2/27 MP: 3/3
    63 | D        | Reached XP level 4. HP: 3/32 MP: 4/4
    64 | D        | Succumbed to a scorpion's poison

Illustrated notes

Levels and vault maps discovered:
D:        linesprint [early_d, line_temple, items_1, d_10, items_2, lair_1,
          lair_end, items_3, orc_1, orc_end, items_4, d_15, swamp_1, shoals_1,
          snake_1, spider_1, d_20, vaults_1, items_5, swamp_end, shoals_end,
          snake_end, spider_end, vaults_end, d_27, items_6, zot_1, zot_end,
          crypt_end, forest_end, elf_end, slime_end, tomb_end, abyss_end,
          pan_hell_end]

Skill      XL: |  1 |
---------------+----+-----
Fighting       | 6 |  6.0
Short Blades   | 7 |  7.5
Armour         | 2 |  2.5
Dodging        | 4 |  4.0

Action                   |  1- 3 |  4- 6 || total
-------------------------+-------+-------++-------
Melee: Short sword       |    12 |       ||    12
Invok: Berserk           |     2 |       ||     2
Dodge: Dodged            |     6 |       ||     6

Table legend: (Time is in decaauts)
 A = Elapsed time spent in this place.
 B = Non-inter-level travel time spent in this place.
 C = Inter-level travel time spent in this place.
 D = Time resting spent in this place.
 E = Time spent auto-exploring this place.
 F = Levels seen in this place.
 G = Mean time per level.
                   A        B        C        D        E       F      G
               +--------+--------+--------+--------+--------+-----+--------+
         Total |     65 |     65 |      0 |     47 |      3 |   1 |   65.0 |
       Dungeon |     65 |     65 |      0 |     47 |      3 |   1 |   65.0 |
               +--------+--------+--------+--------+--------+-----+--------+

Top non-repeatable levels by time:
       D: 65 daAuts
